 Dungeon Crawl Stone Soup version 0.21.1-1-g345015f (webtiles) character file.

532 suicidejoker the Covert (level 7, 0/45 HPs)
             Began as an Octopode Assassin on Apr 12, 2018.
             Slain by an orc wizard
             ... wielding a +0 dagger
              (2 damage)
             ... on level 5 of the Dungeon.
             The game lasted 00:07:18 (3607 turns).

suicidejoker the Covert (Octopode Assassin)         Turns: 3607, Time: 00:07:19

Health: 0/45       AC:  1    Str: 13    XL:     7   Next: 24%
Magic:  7/7        EV: 13    Int: 13    God:
Gold:   150        SH:  0    Dex: 13    Spells: 6/6 levels left

rFire    . . .     SeeInvis .   h - +1 dagger (venom)
rCold    . . .     Gourm    .   (no shield)
rNeg     . . .     Faith    .   (helmet restricted)
rPois    .         Spirit   .   m - amulet of rage
rElec    .         Reflect  .   (no ring)
rCorr    .         Harm     .   (no ring)
MR       .....                  (no ring)
Stlth    ++++++....             (no ring)
HPRegen  0.15/turn              (no ring)
MPRegen  0.10/turn              (no ring)
                                (no ring)
                                (no ring)

@: flying
A: almost no armour, stealthy swim, amphibious, 8 rings, constrict 8, camouflage
1, gelatinous body 1
a: Evoke Berserk Rage


You were on level 5 of the Dungeon.
You were not hungry.

You visited 2 branches of the dungeon, and saw 6 of its levels.

You collected 315 gold pieces.
You spent 165 gold pieces at shops.

Inventory:

Hand Weapons
 a - a +2 dagger
 b - a +0 blowgun
 h - a +1 dagger of venom (weapon)
 v - a +0 hunting sling
 x - a cursed -1 short sword
 H - a +1 dagger of freezing
Missiles
 c - 18 poisoned needles
 d - 2 curare-tipped needles
 i - 73 sling bullets
 j - 52 bolts
 k - 71 stones (quivered)
 y - 3 tomahawks
 A - 19 arrows
Jewellery
 m - an amulet of rage (around mantle)
Wands
 t - a wand of enslavement (17)
 D - a wand of random effects (32)
Scrolls
 g - 3 scrolls of enchant armour
 p - 3 scrolls of remove curse
 q - a scroll of fear {unknown}
 r - 5 scrolls of teleportation
 s - 3 scrolls of blinking {unknown}
 u - 3 scrolls of fog {unknown}
 C - a scroll of torment {unknown}
 F - a scroll of holy word {unknown}
Potions
 e - 2 potions of resistance
 l - a potion of cancellation
 n - a potion of lignification {unknown}
 o - a potion of berserk rage {unknown}
 w - a potion of brilliance {unknown}
 z - a potion of flight
 B - a potion of might {unknown}
 E - a potion of degeneration {unknown}
 G - a potion of curing
 I - a potion of mutation {unknown}
 J - a potion of agility {unknown}
Comestibles
 f - 9 rations


   Skills:
 - Level 2.0 Fighting
 - Level 2.0 Short Blades
 - Level 2.0 Throwing
 - Level 1.0 Dodging
 + Level 11.6 Stealth


You had 6 spell levels left.
You didn't know any spells.

Dungeon Overview and Level Annotations

Branches:
Dungeon (5/15)             Temple (1/1) D:4

Altars:
Ashenzari
Cheibriados
Dithmenos
Fedhas
Makhleb
Nemelex Xobeh
Qazlal
Ru
Sif Muna
Vehumet
Wu Jian
Xom
Yredelemnul
Zin
The Shining One

Shops:
D:4 *


Innate Abilities, Weirdness & Mutations

You cannot wear most types of armour.
You are very stealthy in the water. (Stealth+)
You are amphibious.
You can wear up to eight rings at the same time.
You can use your tentacles to constrict eight enemies at once.
Your skin changes colour to match your surroundings (Stealth+).
Your rubbery body absorbs attacks. (AC +1, EV +1)


Message History

The orc wizard mumbles some strange words.
The orc wizard flickers and vanishes!
Deactivating autopickup; reactivate with Ctrl-A.
The leopard gecko hisses menacingly.
The leopard gecko closely misses you.
It was a potion of cancellation.
You feel magically purged.
You feel sick. The leopard gecko closely misses you.
The orc warrior misses you.
It was a potion of flight.
You feel very buoyant.
You fly up into the air.
The leopard gecko closely misses you. The orc priest hits you with a flail.
* * * LOW HITPOINT WARNING * * *
It was a potion of curing.
You feel better. The orc warrior completely misses you.
The leopard gecko closely misses you. The orc priest barely misses you.
You fail to use your ability.
The leopard gecko misses you.
The orc warrior hits you from afar with a halberd!
* * * LOW HITPOINT WARNING * * *
Something hits you.
You die...

#... .. .# .≈#...### .#
#.# ../ ###.....##.#....
#..# ..........### #..#
#........≈≈ ≈..#
#......o.# ### #..
#....ol..# ... #.#
#.....@..###.###.#
###...?......#.#...#
#............#.#...# ##
###................#####..
.............##....###...#
#.......(......%.........
#............###.......##
#...........[# #.......#
#./........#...........##


You could see an orc warrior, an orc priest and a leopard gecko.

Vanquished Creatures
  The ghost of suicidejoker the Covert, an amateur OpAs (D:3)
  A water moccasin skeleton (D:4)
  3 hounds
  2 jellies
  An iguana (D:4)
  3 worker ants
  4 adders
  An ooze (D:1)
  A worm (D:4)
  2 dart slugs
  2 leopard geckos
  2 orcs
  3 giant cockroaches
  6 goblins
  12 hobgoblins
  8 jackals
  8 kobolds
  2 quokkas (D:2)
  6 bats
  2 frilled lizards (D:2)
  A leopard gecko skeleton (D:4)
  4 rats (D:1)
75 creatures vanquished.

Notes
Turn   | Place    | Note
-------+----------+-------------------------------------------
     0 | D:1      | suicidejoker the Octopode Assassin began the quest for the Orb.
     0 | D:1      | Reached XP level 1. HP: 14/14 MP: 1/1
    48 | D:1      | Reached skill level 6 in Stealth
    48 | D:1      | Reached XP level 2. HP: 3/19 MP: 2/2
   731 | D:1      | Reached XP level 3. HP: 24/24 MP: 3/3
  1159 | D:2      | Reached skill level 7 in Stealth
  1173 | D:2      | Reached XP level 4. HP: 29/29 MP: 4/4
  1295 | D:2      | Found a sacrificial altar of Ru.
  1655 | D:2      | Reached skill level 8 in Stealth
  2042 | D:3      | Noticed suicidejoker's ghost (amateur OpAs)
  2074 | D:3      | Killed suicidejoker's ghost
  2074 | D:3      | Reached skill level 9 in Stealth
  2074 | D:3      | Reached XP level 5. HP: 34/34 MP: 5/5
  2074 | D:3      | Reached XP level 6. HP: 39/39 MP: 6/6
  2291 | D:3      | Found a faded altar of an unknown god.
  2460 | D:4      | Reached skill level 10 in Stealth
  2674 | D:4      | Found Afour's Assorted Antiques.
  2677 | D:4      | Bought a scroll labeled SUZOOR KUNISOCUJ for 24 gold pieces
  2677 | D:4      | Bought a tapered fluorescent wand for 96 gold pieces
  2677 | D:4      | Bought a glowing pink potion for 21 gold pieces
  2677 | D:4      | Bought a scroll labeled DEIL ICABBIDIK for 24 gold pieces
  2752 | D:4      | Found a staircase to the Ecumenical Temple.
  2764 | Temple   | Entered the Ecumenical Temple
  3345 | D:4      | Reached skill level 11 in Stealth
  3409 | D:4      | Reached XP level 7. HP: 45/45 MP: 7/7
  3513 | D:5      | Entered Level 5 of the Dungeon
  3607 | D:5      | HP: 2/45 [orc warrior/halberd (16)]
  3607 | D:5      | Slain by an orc wizard

Skill      XL: |  1  2  3  4  5  6 |
---------------+-------------------+-----
Stealth        | 6 7 9 11 | 11.6
Fighting       | |  2.0
Short Blades   | |  2.0
Throwing       | |  2.0
Dodging        | |  1.0

Action                   |  1- 3 |  4- 6 |  7- 9 || total
-------------------------+-------+-------+-------++-------
Melee: Dagger            |    37 |    86 |     8 ||   131
       Tentacles         |     6 |    13 |       ||    19
       Constrict         |     6 |    16 |     1 ||    23
Throw: Stone             |       |    13 |       ||    13
 Abil: Evoke Berserk Rag |       |     2 |       ||     2
  Use: Scroll            |     7 |     2 |       ||     9
       Potion            |       |       |     3 ||     3
 Stab: Sleeping          |    10 |    19 |     3 ||    32
  Eat: Chunk             |     1 |     7 |     2 ||    10
Armor: Skin              |     2 |     1 |       ||     3
Dodge: Dodged            |    16 |    48 |    10 ||    74
